 Dungeon Crawl Stone Soup version 0.26.1-10-gdfb7c7de75 (webtiles) character file.

Game seed: 7166574838474802856

67 Chiseanne the Magician (level 4, 8/30 HPs)
             Began as a Demonspawn Hedge Wizard on Apr 9, 2021.
             Quit the game on level 2 of the Dungeon.
             The game lasted 00:03:30 (2158 turns).

Chiseanne the Magician (Demonspawn Hedge Wizard)    Turns: 2158, Time: 00:03:31

Health: 8/30       AC:  6    Str: 10    XL:     4   Next: 0%
Magic:  0/9        EV: 12    Int: 17    God:
Gold:   136        SH:  0    Dex: 18    Spells: 4/10 levels left

rFire    + . .     SeeInvis .   a - +3 dagger
rCold    + . .     Faith    .   (no shield)
rNeg     . . .     Spirit   .   b - +0 robe
rPois    .         Reflect  .   c - +0 hat
rElec    .         Harm     .   j - +2 cloak
rCorr    .         Rampage  .   (no gloves)
Will     .....                  (no boots)
Stlth    ++........             (no amulet)
HPRegen  0.10/turn              p - ring of protection from fire
MPRegen  0.11/turn              g - +6 ring of dexterity

@: mighty, quite poisoned (8 -> 4)
A: cold resistance 1, spiny 1, sharp scales 1
a: no special abilities


You were on level 2 of the Dungeon.
You visited 1 branch of the dungeon, and saw 2 of its levels.

You collected 136 gold pieces.

Inventory:

Hand Weapons
 a - a +3 dagger (weapon)
Missiles
 d - 7 poisoned darts
 l - 130 stones
 n - a throwing net
 q - 2 curare-tipped darts
Armour
 b - a +0 robe (worn)
 c - a +0 hat (worn)
 i - a +0 buckler
 j - a +2 cloak (worn)
Jewellery
 e - an uncursed ring of willpower
 g - a +6 ring of dexterity (right hand)
 p - a ring of protection from fire (left hand)
Scrolls
 h - 2 scrolls of teleportation
 m - a scroll of blinking
 o - a scroll of amnesia
Potions
 k - a potion of lignification {unknown}
 r - a potion of curing {unknown}


   Skills:
 - Level 1.7 Dodging
 - Level 1.7 Stealth
 * Level 3.7 Spellcasting
 * Level 2.5 Conjurations
 - Level 1.0 Summonings
 - Level 0.8 Translocations
 * Level 0.7 Air Magic
 * Level 0.6 Poison Magic


You had 4 spell levels left.
You knew the following spells:

 Your Spells              Type           Power        Failure   Level
a - Magic Dart            Conj           44%          6%          1
b - Blink                 Tloc           N/A          17%         2
d - Mephitic Cloud        Conj/Pois/Air  7%           28%         3

Your spell library contained the following spells:

 Spells                   Type           Power        Failure   Level
 Call Imp                 Summ           6%           16%         2
 Slow                     Hex            3%           24%         2
 Conjure Flame            Conj/Fire      7%           28%         3
 Gell's Gravitas          Tloc           3%           34%         3
 Confusing Touch          Hex            3%           43%         3
 Petrify                  Tmut/Erth      3%           85%         4
 Metabolic Englaciation   Hex/Ice        1%           99%         5
 Yara's Violent Unravell  Hex/Tmut       1%           99%         5


Dungeon Overview and Level Annotations

Branches:
Dungeon (2/15)

Altars:


Innate Abilities, Weirdness & Mutations

Your flesh is cold resistant. (rC+)
You are partially covered in sharp spines.
You are partially covered in razor-sharp scales. (AC +1, Slay +1)


Message History

Confirm with . or Enter, or press ? or * to list all spells.
Aiming: Magic Dart (safe; 7% risk of failure)
Press: ? - help, Shift-Dir - straight line, f/p - worker ant
Aim: a worker ant (severely wounded, 0% to evade)
The magic dart hits the worker ant.
The worker ant is severely wounded.
* * * LOW HITPOINT WARNING * * *
You feel sick. The worker ant closely misses you.
You feel very mighty all of a sudden.
The worker ant is struck by your spines.
The worker ant misses you.
Your magical contamination has completely faded away.
You puncture the worker ant!
You kill the worker ant!
* * * LOW HITPOINT WARNING * * *
You feel sick.
You have reached level 4!
You feel clever.
Your demonic ancestry asserts itself...
Sharp scales grow over part of your body.
Are you sure you want to abandon this character and quit the game? (Confirm with "yes".)

..........# #...##.###.##.
..........# #..[...#....#.
###########
########...##.#.#..## ....#
...........<#.#.#..## ....#
########.####.#....# ....#
#..........####.# ....#
#)##.........##.# ....#
#.##....####.##.# ....#
#@##....# #.##.# ....#
....?.†.##....# #.##.# #####
##.######.....# #.##.# ####
#.#...# #.##.# ...#####.##
#.#...# #.##.#
..........#.######.#...####.##.#
...#####..#..................#.#
##.####...########.##.########.#
.#........ #..)........).#


There were no monsters in sight!

Vanquished Creatures
  A worker ant (D:2)
  An ooze (D:1)
  A leopard gecko (D:1)
  3 giant cockroaches
  2 hobgoblins (D:2)
  2 jackals (D:1)
  A quokka (D:2)
  7 bats (D:1)
  8 frilled lizards
  5 goblins
  3 kobolds
  8 rats
42 creatures vanquished.

Notes
Turn   | Place    | Note
-------+----------+-------------------------------------------
     0 | D:1      | Chiseanne the Demonspawn Hedge Wizard began the quest for
                  | the Orb.
     0 | D:1      | Reached XP level 1. HP: 13/13 MP: 4/4
   208 | D:1      | Gained mutation: Your flesh is cold resistant. (rC+)
                  | [demonic ancestry]
   208 | D:1      | Reached XP level 2. HP: 12/19 MP: 1/6
  1037 | D:1      | Gained mutation: You are partially covered in sharp spines.
                  | [demonic ancestry]
  1037 | D:1      | Reached XP level 3. HP: 24/24 MP: 6/8
  1386 | D:1      | Learned a level 2 spell: Blink
  1390 | D:1      | Learned a level 3 spell: Mephitic Cloud
  2158 | D:2      | Gained mutation: You are partially covered in razor-sharp
                  | scales. (AC +1, Slay +1) [demonic ancestry]
  2158 | D:2      | Reached XP level 4. HP: 8/30 MP: 0/9
  2158 | D:2      | Quit the game

Illustrated notes

Levels and vault maps discovered:
D:1:      lightli_arrival_chessboard, layout_rooms, serial_corexii_hall,
          chequers_hall_statues_corner_a, chequers_hall_statues_wall_a,
          st_stairs_10
D:2:      layout_basic, kennysheep_vampire_church

Skill      XL: |  1  2 |
---------------+-------+-----
Conjurations   | 2 |  2.5
Dodging        | |  1.7
Stealth        | |  1.7
Spellcasting   | |  3.7
Summonings     | |  1.0
Translocations | |  0.8
Air Magic      | |  0.7
Poison Magic   | |  0.6

Action                   |  1- 3 |  4- 6 || total
-------------------------+-------+-------++-------
Melee: Dagger            |    30 |       ||    30
 Cast: Magic Dart        |    84 |       ||    84
  Use: Scroll            |     7 |       ||     7
       Potion            |     1 |       ||     1
Armor: Robe              |    16 |       ||    16
Dodge: Dodged            |    32 |       ||    32
